 Dungeon Crawl Stone Soup version 0.18-a0-750-g37044d6 (webtiles) character file.

337 cluie the Insei (level 6, -12/46 HPs)
             Began as a Demonspawn Transmuter on Dec 12, 2015.
             Was a Follower of Ru.
             Mangled by JokEr's ghost (16 damage)
             ... on level 5 of the Dungeon.
             The game lasted 00:07:44 (3156 turns).

cluie the Insei (Demonspawn Transmuter)             Turns: 3156, Time: 00:07:44

Health: -12/46     AC:  4    Str: 13    XL:     6   Next: 28%
Magic:  9/9        EV: 14    Int: 14    God:    Ru [*.....]
Gold:   202        SH:  0    Dex: 15    Spells: 3 memorised, 3 levels left

rFire  . . .     SeeInvis .       - Unarmed
rCold  . . .     Clarity  .     b - +0 robe
rNeg   . . .     SustAt   .     (no shield)
rPois  .         Gourm    +     (helmet restricted)
rElec  .         Spirit   .     p - +0 cloak
rCorr  .         Dismiss  .     (no gloves)
rMut   .         Stasis   .     k - +0 pair of boots
MR     +....                    j - amulet of the gourmand
Stlth  +.........               x - ring of protection from magic
                                t - ring of wizardry

@: somewhat resistant to hostile enchantments, very unstealthy
A: horns 1, talons 1, demonic guardian 1, strong 1, hated by all
a: Renounce Religion


You were on level 5 of the Dungeon.
You worshipped Ru.
Ru was aware of your devotion.
You were hungry.

You visited 1 branch of the dungeon, and saw 5 of its levels.
You also visited: Sewer.

You collected 202 gold pieces.

Inventory:

Hand Weapons
 g - a +4 blowgun
Missiles
 h - 17 arrows of frost
 n - 24 poisoned needles
 y - 19 arrows
Armour
 b - a +0 robe (worn)
 k - a +0 pair of boots (worn)
 p - a +0 cloak (worn)
Jewellery
 e - an uncursed ring of positive energy
 j - an amulet of the gourmand (around neck)
 m - an uncursed ring of ice
 t - a ring of wizardry (left hand)
 x - a ring of protection from magic (right hand)
Scrolls
 a - a scroll of amnesia
 v - a scroll of remove curse {unknown}
 w - a scroll of noise {unknown}
Potions
 i - a potion of cure mutation {!q}
 o - a potion of ambrosia {unknown}
 q - 2 potions of flight {hw curing or flight, unknown}
 r - a potion of curing {hw curing or flight, unknown}
 s - a potion of heal wounds {hw curing or flight, unknown}
Books
 c - a book of Changes

   Spells                             Type                      Level
   a - Beastly Appendage              Transmutation                1
   b - Sticks to Snakes               Transmutation                2
   c - Spider Form                    Transmutation/Poison         3
   d - Ice Form                       Ice/Transmutation            4
   e - Blade Hands                    Transmutation                5
Comestibles
 d - 4 bread rations
 f - a meat ration
 l - 3 beef jerkies


   Skills:
 + Level 2.9 Fighting
 * Level 4.1 Dodging
 * Level 4.5 Unarmed Combat
 - Level 2.0 Spellcasting
 - Level 1.7 Transmutations


You had 3 spell levels left.
You knew the following spells:

 Your Spells              Type           Power        Failure   Level  Hunger
a - Beastly Appendage     Trmt           #.....       6%          1    ##.....
b - Sticks to Snakes      Trmt           #.......     9%          2    ###....
c - Spider Form           Trmt/Pois      #.........   30%         3    ####...


Dungeon Overview and Level Annotations

Branches:
Dungeon (5/15)
 Temple: D:4-7

Altars:
Ru

Annotations:
D:5 JokEr's ghost, novice HEFi


Innate Abilities, Weirdness & Mutations

You have sharp toenails.
A weak demonic guardian rushes to your aid.
You are hated by all.
You have a pair of small horns on your head.
Your muscles are strong. (Str +2)


Message History

JokEr's ghost is moderately damaged.
JokEr's ghost completely misses you.
You hit JokEr's ghost.
JokEr's ghost is moderately damaged.
JokEr's ghost hits you.
You hit JokEr's ghost. You headbutt JokEr's ghost.
JokEr's ghost is heavily damaged.
JokEr's ghost hits you!
* * * LOW HITPOINT WARNING * * *
You hit JokEr's ghost.
JokEr's ghost is heavily damaged.
JokEr's ghost closely misses you.
You hit JokEr's ghost but do no damage.
JokEr's ghost is heavily damaged.
You redirect JokEr's ghost's attack!
JokEr's ghost hits itself.
You hit JokEr's ghost but do no damage. You headbutt JokEr's ghost.
JokEr's ghost is severely damaged.
JokEr's ghost hits you!
You die...

#.........###...## #...#
#........###.....## ##.#.#
#.##..##.##.......## ##....#
#......#.#.........####...#.###
#..###...'.........'(..........
#..# #.#.#.........####...#.###
#..###.#.##.......## ##.##.#
#......#.###.....## #####.###
#.##.###.# ##.@.## #.......#
#........# ##W## #.###.#.#
####.##### #.# #.###.#.# #.#
#.# #.##..#.# #.#########.##
#.##.##.# #.#..........##
#.##.##.# #.#.#####.....#
#.##.##>#
#.......##....######.......#
###.#.....#.............####


You could see JokEr's ghost.

Vanquished Creatures
  A crimson imp (D:5)
  A giant frog zombie (D:5)
  An adder (D:3)
  A river rat (Sewer)
  4 giant geckos
  5 bats
  A giant cockroach (D:1)
  3 hobgoblins
  6 jackals
  3 kobolds
  6 giant newts
  2 goblins
  9 rats
43 creatures vanquished.

Vanquished Creatures (collateral kills)
  An ice beast (D:3)
  A big kobold (Sewer)
  A giant frog (D:2)
  An iguana (D:5)
  A jackal (Sewer)
  2 kobolds (Sewer)
7 creatures vanquished.

Grand Total: 50 creatures vanquished

Notes
Turn   | Place    | Note
--------------------------------------------------------------
     0 | D:1      | cluie the Demonspawn Transmuter began the quest for the Orb.
     0 | D:1      | Reached XP level 1. HP: 15/15 MP: 3/3
   228 | D:1      | Reached skill level 3 in Unarmed Combat
   381 | D:1      | Gained mutation: You have sharp toenails. [demonic ancestry]
   381 | D:1      | Reached XP level 2. HP: 21/21 MP: 5/5
   752 | D:1      | Learned a level 2 spell: Sticks to Snakes
  1456 | D:2      | Found a sacrificial altar of Ru.
  1578 | D:2      | Became a worshipper of Ru the Awakened
  1642 | D:3      | Found a faded altar to an unknown god.
  1643 | D:3      | Noticed an ice beast
  1696 | D:3      | Noticed a giant frog
  1710 | D:2      | Killed a giant frog
  1710 | D:2      | Reached XP level 3. HP: 17/26 MP: 1/6
  1884 | D:3      | Found a glowing drain.
  1891 | Sewer    | Entered a sewer
  1910 | Sewer    | Reached XP level 4. HP: 23/33 MP: 7/7
  2142 | Sewer    | Noticed a big kobold
  2165 | Sewer    | Killed a big kobold
  2193 | Sewer    | Found a glowing silver altar of Zin.
  2360 | D:3      | Reached XP level 5. HP: 18/38 MP: 3/8
  2512 | D:3      | Gained mutation: You have a pair of small horns on your head. [potion of mutation]
  2512 | D:3      | Gained mutation: Your muscles are strong. (Str +2) [potion of mutation]
  2513 | D:3      | nice
  2564 | D:3      | Killed an ice beast
  2564 | D:3      | Reached skill level 4 in Unarmed Combat
  2848 | D:3      | Learned a level 3 spell: Spider Form
  2862 | D:3      | You fall through a shaft!
  2865 | D:4      | Noticed an ogre
  2877 | D:5      | Entered Level 5 of the Dungeon
  2883 | D:5      | corner ice beast, then tele giant frog, then CORNER OGRE
  2883 | D:5      | crawl actively hates me today
  2945 | D:5      | Gained mutation: A weak demonic guardian rushes to your aid. [demonic ancestry]
  2945 | D:5      | Reached XP level 6. HP: 32/46 MP: 4/9
  2946 | D:5      | ok sure
  2946 | D:5      | at least i didnt sac love first
  2992 | D:5      | so do i want to do this
  2992 | D:5      | yes, for great justice
  2992 | D:5      | Gained mutation: You are hated by all. [Ru sacrifice]
  2992 | D:5      | Reached * piety under Ru
  3113 | D:5      | Noticed JokEr's ghost (novice HEFi)
  3130 | D:5      | hmm yeah seems it just suppresses it
  3130 | D:5      | fucking lame
  3156 | D:5      | Mangled by JokEr's ghost

Vault maps used:
D:1:      minmay_arrival_split_and_join
D:2:      nicolae_ru_the_path_less_chosen
D:3:      first_bread, lightli_sewer_entry_pipes, ecumenical_altar_1
D:5:      lemuel_round_altar, gammafunk_temple_overflow_elements,
          uniq_crazy_yiuf_cottage
Sewer:    sewer_kobolds

Action                   |  1- 3 |  4- 6 || total
-------------------------+-------+-------++-------
Melee: Unarmed           |   119 |   107 ||   226
 Cast: Beastly Appendage |     3 |     1 ||     4
       Sticks to Snakes  |     2 |    12 ||    14
Invok: Sacrifice Love    |       |     1 ||     1
  Use: Scroll            |     7 |     2 ||     9
       Potion            |       |     1 ||     1
 Stab: Sleeping          |     4 |       ||     4
       Distracted        |       |     1 ||     1
  Eat: Chunk             |     2 |     5 ||     7
       Fruit             |     1 |       ||     1
